 Dungeon Crawl Stone Soup version 0.18-a0-1800-gdc7a371 (webtiles) character file.

390 TheGoonsmith the Destroyer (level 6, -1/48 HPs)
             Began as a Tengu Conjurer on Apr 25, 2016.
             Slain by a mummy (2 damage)
             ... in an ossuary.
             The game lasted 00:06:45 (4456 turns).

TheGoonsmith the Destroyer (Tengu Conjurer)         Turns: 4456, Time: 00:06:46

Health: -1/48      AC: 23    Str:  8    XL:     6   Next: 80%
Magic:  5/13       EV:  2    Int: 17    God:
Gold:   171        SH:  0    Dex: 15    Spells: 4 memorised, 1 level left

rFire  . . .     SeeInvis .     n - +1 mace
rCold  . . .     Gourm    .     (armour currently unavailable)
rNeg   + + +     Faith    .     (no shield)
rPois  +         Spirit   .     (helmet currently unavailable)
rElec  .         Dismiss  .     (cloak currently unavailable)
rCorr  .         Reflect  .     (gloves currently unavailable)
SustAt .         Harm     .     (boots unavailable)
MR     .....     Rnd*Rage +     (no amulet)
Stlth  ++........ NoTele   +    (no ring)
                                o - ring of poison resistance

@: tree-form, not resistant to hostile enchantments, unstealthy
A: (beak), (talons 0), berserk 1, (fire resistance 0), wild magic 1, able to fly
1
a: Fly


You were in an ossuary.
You were not hungry.
You were a tree.
You visited 1 branch of the dungeon, and saw 5 of its levels.
You also visited: Ossuary.

You collected 171 gold pieces.

Inventory:

Hand Weapons
 n - a +1 mace (weapon)
Armour
 a - a +0 robe (melded)
 v - a +0 pair of gloves (melded)
Jewellery
 o - a ring of poison resistance (left branch)
Scrolls
 d - 6 scrolls of remove curse
 e - 3 scrolls of noise
 k - 2 scrolls of identify
 l - a scroll of recharging
Potions
 i - 2 potions of cure mutation
Books
 b - a book of Conjurations

   Spells                             Type                      Level
   a - Magic Dart                     Conjuration                  1
   b - Searing Ray                    Conjuration                  2
   c - Dazzling Spray                 Conjuration/Hexes            3
   d - Fulminant Prism                Conjuration/Hexes            4
   e - Iskenderun's Mystic Blast      Conjuration                  4
   f - Iskenderun's Battlesphere      Conjuration/Charms           5
 p - a book of Burglary

   Spells                             Type                      Level
   a - Swiftness                      Charms/Air                   2
   b - Passwall                       Transmutation/Earth          2
   c - Passage of Golubria            Translocation                4
   d - Lee's Rapid Deconstruction     Earth                        5
   e - Darkness                       Hexes                        6
   f - Invisibility                   Hexes                        6
Comestibles
 c - a bread ration
 j - a meat ration
 r - a beef jerky


   Skills:
 - Level 2.1 Dodging
 - Level 2.0 Stealth
 + Level 4.4 Spellcasting
 + Level 8.2 Conjurations
 + Level 1.1 Charms


You had one spell level left.
You knew the following spells:

 Your Spells              Type           Power        Failure   Level  Hunger
a - Magic Dart            Conj           ####         1%          1    None
b - Searing Ray           Conj           #####.       1%          2    ##.....
c - Iskenderun's Battles  Conj/Chrm      ####....     78%         5    ######.
x - Iskenderun's Mystic   Conj           #####...     12%         4    ####...


Dungeon Overview and Level Annotations

Branches:
Dungeon (5/15)
 Temple: D:4-7

Altars:
Kikubaaqudgha
Qazlal

Shops:
D:5 =

Annotations:
D:4 TheGoonsmith's ghost, amateur TeAE


Innate Abilities, Weirdness & Mutations

((You have a beak for a mouth.))
((You have claws for feet.))
You can fly.
You tend to lose your temper in combat.
((Your flesh is heat resistant.))
Your spells are a little harder to cast, but a little more powerful.


Message History

You destroy the mummy!
The mummy hits you but does no damage.
You hit the mummy.
The mummy is moderately damaged.
The human zombie hits you.
* * * LOW HITPOINT WARNING * * *
You hit the mummy.
The mummy is moderately damaged.
You feel less woody.
Your +0 pair of gloves unmelds from your body.
Your +0 robe unmelds from your body.
The human zombie hits you.
* * * LOW HITPOINT WARNING * * *
The mummy closely misses you.
Drink which item? (? for menu, Esc to quit)
You turn into a tree.
Your +0 pair of gloves melds into your body.
Your +0 robe melds into your body.
Your roots penetrate the ground.
The human zombie hits you but does no damage.
The mummy hits you.
You die...

###################
.......∩∩...MZZ...#
...........♣ZZZZ..#
.##############Z..#
#...# #Z..# #.Z.#
#Z..# .....# #...#
...M# #Z..# ....##
#...#


You could see a mummy, a jackal zombie, a hobgoblin zombie, a big kobold zombie,
2 orc zombies, an elf zombie and a human zombie.

Vanquished Creatures
  An ogre (D:4)
  An elf zombie (Ossuary)
  2 orc priests
  A worker ant (D:3)
  A mummy (Ossuary)
  3 adders
  An adder skeleton (D:4)
  3 worms
  2 dart slugs
  2 giant geckos (D:3)
  5 orcs
  11 bats
  5 giant cockroaches
  11 goblins
  10 hobgoblins
  5 jackals (D:1)
  2 giant newts (D:2)
  6 hobgoblin zombies (Ossuary)
  3 jackal zombies (Ossuary)
  8 kobolds
  3 kobold zombies (Ossuary)
  6 orc zombies (Ossuary)
  5 rats
97 creatures vanquished.

Notes
Turn   | Place    | Note
--------------------------------------------------------------
     0 | D:1      | TheGoonsmith the Tengu Conjurer began the quest for the Orb.
     0 | D:1      | Reached XP level 1. HP: 10/10 MP: 4/4
   323 | D:1      | Reached XP level 2. HP: 15/15 MP: 4/6
   556 | D:1      | Learned a level 2 spell: Searing Ray
   796 | D:1      | Reached skill level 6 in Conjurations
   796 | D:1      | Reached XP level 3. HP: 19/19 MP: 5/7
  1616 | D:2      | Reached XP level 4. HP: 24/24 MP: 3/9
  1794 | D:2      | Learned a level 4 spell: Iskenderun's Mystic Blast
  2305 | D:3      | Found an ancient bone altar of Kikubaaqudgha.
  2472 | D:3      | Found a stormy altar of Qazlal.
  2669 | D:3      | Gained mutation: You can fly. [Tengu growth]
  2669 | D:3      | Reached XP level 5. HP: 28/28 MP: 7/11
  2684 | D:3      | Reached skill level 7 in Conjurations
  3450 | D:4      | Noticed TheGoonsmith's ghost (amateur TeAE)
  3486 | D:4      | Noticed an ogre
  3882 | D:4      | Killed an ogre
  3882 | D:4      | Reached XP level 6. HP: 32/32 MP: 6/13
  3946 | D:4      | Learned a level 5 spell: Iskenderun's Battlesphere
  4107 | D:5      | Entered Level 5 of the Dungeon
  4136 | D:5      | Reached skill level 8 in Conjurations
  4216 | D:5      | Found a sand-covered staircase.
  4223 | D:5      | Found Vorrum's Jewellery Boutique.
  4225 | Ossuary  | Entered an ossuary
  4431 | Ossuary  | Reached skill level 1 in Charms
  4435 | Ossuary  | Gained mutation: Your flesh is heat resistant. [potion of mutation]
  4435 | Ossuary  | Gained mutation: You tend to lose your temper in combat. [potion of mutation]
  4435 | Ossuary  | Gained mutation: Your spells are a little harder to cast, but a little more powerful. [potion of mutation]
  4455 | Ossuary  | HP: 1/32 [human zombie (4)]
  4456 | Ossuary  | Slain by a mummy

Vault maps used:
D:1:      dpeg_arrival_renting, minmay_crystal_water
D:2:      kennysheep_generic_room_10
D:3:      grunt_qazlal_clouds, overflow_temple_1_default,
          kennysheep_generic_room_11
D:4:      first_bread, uniq_menkaure, uniq_robin
D:5:      kennysheep_little_box, temple_green, enter_ossuary_1, basic_altar,
          serial_shops, shop, shop, grunt_ministairs_5
Ossuary:  ossuary_tomb_1

Skill      XL: |  1  2  3  4  5  6 |
---------------+-------------------+-----
Conjurations   | 6 7 8 |  8.2
Spellcasting   | 3 4 |  4.4
Charms         | 1 |  1.1
Dodging        | |  2.1
Stealth        | |  2.0

Action                   |  1- 3 |  4- 6 || total
-------------------------+-------+-------++-------
Melee: Unarmed           |     6 |       ||     6
       Kick              |     1 |     6 ||     7
       Peck              |     1 |     6 ||     7
       Mace              |       |    44 ||    44
 Cast: Magic Dart        |    62 |   120 ||   182
       Searing Ray       |       |     7 ||     7
  Use: Scroll            |       |     8 ||     8
       Potion            |       |     6 ||     6
  Eat: Chunk             |     2 |     5 ||     7
       Bread ration      |       |     1 ||     1
Armor: Robe              |     1 |    15 ||    16
       Skin              |       |    41 ||    41
Dodge: Dodged            |     9 |    41 ||    50
